 Dungeon Crawl Stone Soup version 0.29.1-1-gd02db6906a (webtiles) character file.

Game seed: 1947780215830803411

629 Sabo the Gusty (level 7, -1/43 HPs)
             Began as an Octopode Air Elementalist on Oct 13, 2022.
             Was a Priest of Makhleb.
             Slain by a bullfrog (5 damage)
             ... in a sewer on Oct 14, 2022.
             The game lasted 00:43:00 (7847 turns).

Sabo the Gusty (Octopode Air Elementalist)          Turns: 7847, Time: 00:43:02

Health: -1/43      AC:  1    Str:  7    XL:     7   Next: 48%
Magic:  8/13       EV: 13    Int: 19    God:    Makhleb [***...]
Gold:   120        SH:  0    Dex: 13    Spells: 13/14 levels left

rFire   . . .      SeeInvis .   p - +2 short sword (holy)
rCold   . . .      Faith    .   (no shield)
rNeg    . . .      Spirit   .   (helmet restricted)
rPois   .          Reflect  .   (no amulet)
rElec   .          Harm     .   (no ring)
rCorr   .          Rampage  .   (no ring)
Will    .....                   (no ring)
Stlth   ++++......              (no ring)
HPRegen 0.14/turn               (no ring)
MPRegen 0.13/turn               (no ring)
                                (no ring)
                                (no ring)

@: no status effects
A: almost no armour, amphibious, 8 rings, camouflage 1, gelatinous body 1,
nimble swimmer 1, tentacles
a: Renounce Religion, Minor Destruction, Lesser Servant of Makhleb


You were in a sewer.
You worshipped Makhleb.
Makhleb was most pleased with you.
You visited 1 branch of the dungeon, and saw 4 of its levels.
You also visited: Sewer.

You collected 120 gold pieces.

Inventory:

Hand Weapons
 m - a +0 sling
 p - a +2 short sword of holy wrath (weapon)
 r - a +4 quarterstaff of chaos
 s - a +2 dagger of freezing
 t - a +0 flail of protection
Missiles
 g - 3 poisoned darts (quivered)
Jewellery
 k - an amulet of faith
Wands
 a - a wand of charming (4)
 c - a wand of flame (43)
 u - a wand of acid (8)
Scrolls
 b - 4 scrolls of silence
 d - 2 scrolls of teleportation
 f - a scroll of amnesia
 j - a scroll of blinking
 n - a scroll of enchant armour {unknown}
 q - a scroll of fear
Potions
 e - 2 potions of brilliance {unknown}
 h - a potion of haste {unknown}
 i - 2 potions of might {unknown}
 l - 2 potions of mutation {unknown}
 o - 2 potions of curing {unknown}


   Skills:
 + Level 1.3 Fighting
 + Level 2.1 Short Blades
 + Level 1.3 Staves
 + Level 2.6 Dodging
 + Level 3.8 Stealth
 + Level 4.0 Spellcasting
 + Level 3.3 Conjurations
 + Level 4.9 Air Magic


You had 13 spell levels left.
You knew the following spells:

 Your Spells              Type           Power      Damage    Failure   Level
a - Shock                 Conj/Air       76%        1d7       2%          1

Your spell library contained the following spells:

 Spells                   Type           Power      Damage    Failure   Level
 Static Discharge         Conj/Air       19%        3-6/arc   3%          2
 Swiftness                Air            22%        N/A       5%          3
 Airstrike                Air            11%        2d(2-18)  17%         4
 Passage of Golubria      Tloc           3%         N/A       80%         4
 Silence                  Hex/Air        6%         N/A       80%         5
 Lehudib's Crystal Spear  Conj/Erth      5%         10d3      100%        8


Dungeon Overview and Level Annotations

Branches:
Dungeon (4/15)              Sewer (1/1)
 Temple: D:4-7

Altars:
Cheibriados
Makhleb


Innate Abilities, Weirdness & Mutations

You cannot wear most types of armour.
You are amphibious.
You can wear up to eight rings at the same time.
Your skin changes colour to match your surroundings (Stealth+).
Your rubbery body absorbs attacks. (AC +1, EV +1)
You are camouflaged when in or above water. (Stealth+)
You have tentacles for arms and can constrict up to eight enemies at once.


Message History

Press: ? - help, Shift-Dir - straight line, f/p - bullfrog
Aim: a bullfrog (moderately wounded, 64% to hit)
The zap hits the bullfrog.
The bullfrog is heavily wounded.
You miss the bullfrog. Your grab misses the bullfrog. You squeeze the bullfrog.
The bullfrog is heavily wounded.
The bullfrog hits you!
You barely miss the bullfrog. Your grab misses the bullfrog.
The bullfrog is heavily wounded.
The bullfrog misses you. The bullfrog barely misses you. x2
A ball python comes into view.
You closely miss the bullfrog. Your grab misses the bullfrog.
You squeeze the bullfrog.
The bullfrog is severely wounded.
The bullfrog closely misses you. The bullfrog barely misses you.
The bullfrog hits you!
You hit the bullfrog. Your grab misses the bullfrog.
Your squeeze misses the bullfrog.
The bullfrog is severely wounded.
The bullfrog hits you! The bullfrog barely misses you.
The bullfrog closely misses you.
You closely miss the bullfrog. Your grab misses the bullfrog.
Your squeeze misses the bullfrog.
The bullfrog is severely wounded.
The bullfrog hits you but does no damage.
The bullfrog hits you. The bullfrog completely misses you.
You closely miss the bullfrog. Your grab misses the bullfrog.
You tentacle-slap the bullfrog. Your squeeze misses the bullfrog.
The bullfrog is severely wounded.
The bullfrog barely misses you. x2; The bullfrog hits you!
* * * LOW HITPOINT WARNING * * *
Casting: Shock (safe; 2% risk of failure)
Confirm with . or Enter, or press ? or * to list all spells.
Aiming: Shock (safe; 2% risk of failure)
Press: ? - help, Shift-Dir - straight line, f/p - bullfrog
Aim: a bullfrog (severely wounded, 64% to hit)
The zap misses the bullfrog.
The bullfrog hits you.
* * * LOW HITPOINT WARNING * * *
The bullfrog barely misses you. The bullfrog hits you.
You die...

#~†~~~#####.~.~~##
#~..###~~~###~~~~#
##~~##~~~~~~~##.~~#
##~~##.~~~..~~~##~~##
#~.~.~~~~.~†~.~~#~~†#
#~~~~.#######~~~##~~#
#######~###~~.~≈##~~~#.~##
#.~~~.###~~~~~~~≈##~~#~~~#
#~~..~#.~~@F.~.~~≈#~~##~~#
#~~.~~#..##F.~[.~≈##~~#.~#
#.~#~~#~.# S.$|=.~ #~~#~~#
#~~#~~#~~# ~.~?!.. #~~#~~#
#~~#~##~~# .~..)~~ #~~#~~#
#†~#.#.~~# ~~~~†~≈ #†~#.~#
#.~#~#∩~.# ~~~~~~≈ #~~#~.#
#~~#~#~~~##≈~~.~≈≈##~~#~†#
#~~#~###~~# #~~##~~#


You could see 2 bullfrogs and a ball python.

Vanquished Creatures
  Sigmund (D:3)
  Crazy Yiuf (D:2)
  An iron imp (D:3)
  2 orc priests (D:3)
  Jessica (D:3)
  Natasha (thrice) (D:3)
  Robin (D:2)
  4 gnolls
  4 adders
  3 worms (D:2)
  4 dart slugs
  3 orcs (D:3)
  14 ball pythons
  12 endoplasms
  13 giant cockroaches
  11 goblins
  13 hobgoblins
  6 jackals
  14 quokkas
  11 bats
  12 frilled lizards
  5 kobolds
  4 rats
143 creatures vanquished.

Notes
Turn   | Place    | Note
-------+----------+-------------------------------------------
     0 | D:1      | Sabo the Octopode Air Elementalist began the quest for the
                  | Orb.
     0 | D:1      | Reached XP level 1. HP: 11/11 MP: 3/3
   260 | D:1      | Reached XP level 2. HP: 17/17 MP: 0/5
   841 | D:1      | Reached XP level 3. HP: 12/21 MP: 6/6
  1680 | D:2      | Found a runed translucent door.
  1808 | D:2      | Found a faded altar of an unknown god.
  2095 | D:2      | Prayed at the altar of an unknown god.
  2095 | D:2      | Became a worshipper of Makhleb the Destroyer
  2095 | D:2      | Reached * piety under Makhleb
  2371 | D:2      | Reached XP level 4. HP: 21/27 MP: 4/7
  2854 | D:2      | Reached skill level 1 in Short Blades
  3113 | D:2      | Reached XP level 5. HP: 31/31 MP: 4/9
  4114 | D:2      | Noticed Crazy Yiuf
  4121 | D:2      | Killed Crazy Yiuf
  4301 | D:3      | Reached ** piety under Makhleb
  4310 | D:3      | Noticed Robin
  4314 | D:3      | Noticed Sigmund
  4330 | D:2      | Killed Robin
  4713 | D:3      | HP: 1/31 [orc priest/divine providence (11)]
  5432 | D:3      | Noticed Natasha
  5440 | D:3      | Killed Natasha
  5441 | D:3      | Reached XP level 6. HP: 11/37 MP: 0/10
  5900 | D:3      | Killed Sigmund
  5901 | D:3      | Reached skill level 1 in Fighting
  5989 | D:3      | Noticed Jessica
  5991 | D:3      | Killed Jessica
  5992 | D:3      | Reached XP level 7. HP: 43/43 MP: 7/12
  6175 | D:3      | Found a snail-covered altar of Cheibriados.
  6234 | D:3      | Noticed Natasha
  6238 | D:3      | Killed Natasha
  6263 | D:3      | Noticed Natasha
  6268 | D:3      | Killed Natasha
  6269 | D:3      | Reached skill level 1 in Staves
  6973 | D:4      | Found a glowing drain.
  7053 | Sewer    | Entered a sewer
  7158 | Sewer    | Reached *** piety under Makhleb
  7847 | Sewer    | Slain by a bullfrog

Illustrated notes

Levels and vault maps discovered:
D:1:      minmay_arrival_four_loops, layout_basic
D:2:      minmay_razor_zed, layout_loops_cross,
          shapermc_ecumenical_altar_totnotflames, uniq_crazy_yiuf_cottage
D:3:      layout_rooms, slow_altar_1, nicolae_elevator_lobby_asterisk,
          uniq_natasha, uniq_jessica, uniq_sigmund, uniq_robin
D:4:      layout_loops_ring, gammafunk_ghost_necromancy, portal_sewer_entry_f,
          serial_bayou_lagoon_a, uniq_edmund
Sewer:    sewer_frog_island_02

Skill      XL: |  1  2  3  4  5  6  7 |
---------------+----------------------+-----
Conjurations   | 2 3 |  3.3
Short Blades   | 1 2 |  2.1
Stealth        | 3 |  3.8
Air Magic      | 4 |  4.9
Spellcasting   | 3 4 |  4.0
Fighting       | 1 |  1.3
Staves         | 1 |  1.3
Dodging        | |  2.6

Action                   |  1- 3 |  4- 6 |  7- 9 || total
-------------------------+-------+-------+-------++-------
Melee: Constrict         |     7 |    10 |     3 ||    20
       Dagger            |     4 |       |       ||     4
       Unarmed           |     2 |       |       ||     2
       Short sword       |    32 |    50 |    22 ||   104
       Tentacles         |     4 |     9 |     4 ||    17
       Quarterstaff      |       |     3 |       ||     3
       Punch             |       |       |     2 ||     2
 Cast: Shock             |    54 |   105 |    93 ||   252
  Use: Scroll            |       |     4 |     1 ||     5
       Potion            |       |     1 |       ||     1
 Stab: Sleeping          |     1 |       |       ||     1
Armor: Skin              |     1 |     6 |     1 ||     8
Dodge: Dodged            |    18 |    71 |    15 ||   104
